Map: Acid Plant LE

Players

Sketchaphone

  • Race: Zerg Zerg
  • League: Gold
  • Spawn Location: 11:00

NotoriousSow - Winner!

  • Race: Zerg Zerg
  • League: Platinum
  • Spawn Location: 5:00

VOD

Have the link to the VOD?

Description

Time

  • Played on: Nov. 10, 2018, 12:24 p.m.
  • Length: 7:42
Show
View Real Time Build Order
Export as new Build Order

Sketchaphone Zerg 

Build Orders: Hatch First 

Get SALT Encoding   

  12  0:01  Drone  
  13  0:12  Overlord  
  13  0:16  Drone  
  14  0:31  Drone x2  
  16  0:37  Drone  
  17  0:57  Hatchery  
  16  1:17  Spawning Pool, Drone  
  16  1:19  Extractor  
  16  1:24  Drone  
  16  1:25  Drone  
  17  1:29  Drone  
  18  1:38  Drone  
  19  1:52  Overlord  
  19  2:00  Drone  
  20  2:11  Queen  
  20  2:12  Zergling x2  
  20  2:13  Queen  
  25  2:17  Zergling x2  
  25  2:20  Metabolic Boost  
  26  2:23  Drone  
  26  2:28  Zergling x2  
  28  2:32  Drone  
  29  2:37  Zergling x2  
  29  2:41  Drone  
  31  2:48  Drone  
  31  2:49  Queen  
  34  2:53  Overlord, Drone  
  35  3:07  Overlord  
  35  3:09  Zergling x2  
  36  3:35  Overlord  
  36  3:39  Drone x2  
  36  3:40  Zergling x8  
  36  3:41  Zergling x2, Hatchery  
  42  3:47  Overlord  
  42  3:50  Drone  
  38  4:10  Lair  
  38  4:12  Drone x7  
  38  4:13  Extractor  
  38  4:16  Drone  
  45  4:35  Extractor  
  45  4:36  Drone  
  45  4:37  Drone x2, Extractor  
  46  4:53  Overlord, Drone x3  
  46  4:54  Drone x2  
  46  4:55  Drone  
  52  5:13  Spire  
  51  5:16  Drone  
  51  5:17  Drone x2  
  51  5:18  Queen x2  
  51  5:19  Queen  
  60  5:30  Zergling x6, Drone  
  60  5:31  Zergling x2  
  63  5:51  Spine Crawler x2  
  63  5:52  Spine Crawler  
  63  5:53  Spine Crawler  
  63  5:54  Zergling x14  
  63  5:55  Zergling x2  
  67  5:59  Spine Crawler  
  44  6:30  Mutalisk x3  
  44  6:31  Mutalisk x5  
  54  6:39  Mutalisk x2  
  42  6:57  Mutalisk  
  34  7:12  Zergling x8  
  34  7:13  Zergling x2  
Show
View Real Time Build Order
Export as new Build Order

NotoriousSow Zerg - Winner!

Build Orders: Hatch First 

Get SALT Encoding   

  12  0:01  Drone  
  13  0:13  Overlord  
  13  0:17  Drone  
  14  0:32  Drone  
  14  0:33  Drone  
  16  0:36  Drone  
  17  0:48  Drone  
  18  0:57  Hatchery  
  18  1:01  Drone  
  18  1:16  Extractor  
  18  1:17  Drone  
  18  1:24  Spawning Pool  
  17  1:28  Drone  
  18  1:40  Drone  
  18  1:43  Drone  
  20  1:51  Drone  
  21  2:10  Overlord  
  21  2:12  Queen  
  21  2:13  Queen  
  25  2:19  Drone  
  25  2:21  Metabolic Boost  
  26  2:23  Zergling x4  
  28  2:32  Drone  
  29  2:42  Drone  
  29  2:43  Baneling Nest, Drone  
  30  2:56  Drone  
  31  3:14  Drone x3  
  31  3:15  Drone  
  35  3:27  Extractor  
  34  3:28  Baneling  
  34  3:30  Baneling  
  34  3:33  Drone x2  
  36  3:39  Roach Warren  
  36  3:40  Drone  
  36  3:42  Evolution Chamber  
  36  3:43  Overlord  
  34  4:20  Roach  
  34  4:21  Roach x4  
  44  4:25  Overlord x2  
  44  4:33  Zerg Missile Weapons Level 1  
  44  4:42  Overlord  
  44  4:55  Roach x8  
  60  5:07  Roach  
  60  5:08  Roach x3  
  68  5:21  Overlord x2  
  68  5:43  Zergling x2  
  68  5:44  Zergling x12  
  75  5:55  Lair  
  75  6:13  Hatchery  
  67  6:40  Roach x5  
  67  6:45  Overlord x2  
  67  6:46  Overlord x4  
  73  7:07  Ravager x5  
  77  7:14  Spore Crawler  
  77  7:15  Spore Crawler x2  
  75  7:19  Spore Crawler  
  75  7:20  Spore Crawler  
  75  7:21  Spore Crawler  
  71  7:23  Spore Crawler  
Tags
 
Matchup
ZvZ
Race
Zerg
Replay Pack
init
Spawn Locations
Cross Positions
Add a new tag
Caveats
  • Supply blocks, unpowered buildings, or Contaminate may cause inaccurate times.
  • Supply counts are checked every 10 seconds.